 Dungeon Crawl Stone Soup version 0.17-a0-1103-ga40c899 (webtiles) character file.

296 Goodini51 the Shield-Bearer (level 5, -2/45 HPs)
             Began as a Demigod Fighter on May 21, 2015.
             Slain by a phantom (8 damage)
             ... on level 4 of the Dungeon.
             The game lasted 00:12:48 (3017 turns).

Goodini51 the Shield-Bearer (Demigod Fighter)       Turns: 3017, Time: 00:12:48

Health: -2/45      AC:  9    Str: 21    XL:     5   Next: 87%
Magic:  7/7        EV: 13    Int: 12    God:
Gold:   11         SH: 11    Dex: 15    Spells: 0 memorised, 4 levels left

rFire  . . .     SeeInvis .     a - +0 war axe
rCold  . . .     Clarity  .     b - +0 scale mail
rNeg   . . .     SustAb   +     c - +1 shield
rPois  .         Gourm    .     (no helmet)
rElec  .         Spirit   .     (no cloak)
rCorr  .         Warding  .     (no gloves)
rMut   .         Stasis   .     n - +1 pair of boots
MR     +....                    (no amulet)
Stlth  ..........               z - +5 ring of evasion
                                x - ring of protection from magic

@: somewhat resistant to hostile enchantments, extremely unstealthy
A: high mp 1, sustain abilities
a: no special abilities


You were on level 4 of the Dungeon.
You were not hungry.

You visited 1 branch of the dungeon, and saw 4 of its levels.

You collected 181 gold pieces.
You spent 170 gold pieces at shops.

Inventory:

Hand weapons
 a - a +0 war axe (weapon)
 s - a +0 battleaxe
Armour
 b - a +0 scale mail (worn)
 c - a +1 shield (worn)
 n - a +1 pair of boots (worn)
Jewellery
 x - a ring of protection from magic (left hand)
 z - a +5 ring of evasion (right hand)
Magical devices
 y - a wand of enslavement (12)
Scrolls
 f - a scroll of amnesia {unknown}
 h - a scroll of teleportation {unknown}
 i - 4 scrolls of enchant armour
 j - a scroll of fear {unknown}
 m - a scroll of magic mapping {unknown}
 o - 4 scrolls of remove curse {unknown}
 q - 3 scrolls of identify {unknown}
Potions
 d - a potion of might
 g - 2 potions of lignification {unknown}
 k - a potion of resistance {unknown}
 l - a potion of agility {unknown}
 t - a potion of heal wounds {unknown}
 u - 2 potions of curing {unknown}
 v - a potion of magic {unknown}
 w - 2 potions of brilliance {unknown}
Comestibles
 e - 4 bread rations
 p - a royal jelly
 r - a slice of pizza
 A - 4 chunks of flesh


   Skills:
 + Level 3.6 Fighting
 + Level 3.1 Axes
 + Level 3.6 Armour
 + Level 1.1 Dodging
 + Level 0.2 Stealth
 + Level 4.2 Shields


You had 4 spell levels left.
You didn't know any spells.

Dungeon Overview and Level Annotations

Branches:
Dungeon (4/15)
 Temple: D:4-7

Shops:
D:4 %?*

Annotations:
D:3 dookiecze's ghost, average GrFi


Innate Abilities, Weirdness & Mutations

You have an increased reservoir of magic (+10% MP).
Your attributes are resistant to harm.


Message History

The phantom blinks!
You slash the orc!
You kill the orc!
You hit the orc.
The orc is heavily wounded.
You block the orc's attack.
Your shield and scale mail prevent you from hitting the orc.
The orc is heavily wounded.
The orc hits you with a club.
* * * LOW HITPOINT WARNING * * *
You block the orc's attack.
You hit the orc.
You kill the orc!
The phantom blinks!
The phantom barely misses you.
There is a stone staircase leading down here.
You closely miss the phantom.
The phantom is severely damaged.
The phantom barely misses you. The phantom hits you!
You die...

.............## .#
##............##.#
#..........#.##.#
####.#######.##.#
#.# #..#.# #.#
##.#.# #.# #..)# .
#.# ##.W# ... #.#
######.@#####.....
#.#
#..........))......
#.#
#.############.....
... #


You could see a phantom.

Vanquished Creatures
  A centaur skeleton (D:4)
  A hound (D:4)
  An iguana (D:4)
  An orc wizard (D:4)
  A worker ant (D:4)
  4 adders
  An ooze (D:3)
  4 worms (D:2)
  2 giant geckos
  8 orcs
  3 giant cockroaches
  12 hobgoblins
  4 jackals (D:4)
  2 quokkas (D:4)
  8 bats
  3 giant newts
  5 goblins
  10 kobolds
  12 rats
83 creatures vanquished.

Vanquished Creatures (others)
  An orc wizard (D:4)
  An orc (D:4)
2 creatures vanquished.

Grand Total: 85 creatures vanquished

Notes
Turn   | Place    | Note
--------------------------------------------------------------
     0 | D:1      | Goodini51 the Demigod Fighter began the quest for the Orb.
     0 | D:1      | Reached XP level 1. HP: 18/18 MP: 3/3
   114 | D:1      | Reached skill level 3 in Shields
   158 | D:1      | Reached XP level 2. HP: 25/25 MP: 4/4
   817 | D:2      | Reached XP level 3. HP: 30/30 MP: 5/5
  1695 | D:3      | Noticed dookiecze's ghost (average GrFi)
  1871 | D:3      | Found a radiant altar of Vehumet.
  2006 | D:3      | Reached XP level 4. HP: 35/38 MP: 6/6
  2304 | D:4      | Found Wack's Assorted Antiques.
  2317 | D:4      | Bought 2 sapphire potions for 45 gold pieces
  2317 | D:4      | Bought a gilded ring for 125 gold pieces
  2355 | D:4      | Found Jyssuec's Food Shoppe.
  2576 | D:4      | Found Sahous's Magic Scroll Shoppe.
  2634 | D:4      | Reached skill level 4 in Shields
  2634 | D:4      | Reached XP level 5. HP: 30/45 MP: 7/7
  2858 | D:4      | Reached skill level 1 in Dodging
  2972 | D:4      | Noticed a phantom
  3017 | D:4      | Slain by a phantom

Vault maps used:
D:1:      ncdulo_watergridlock
D:2:      kennysheep_generic_room_6
D:3:      vehumet_crystals
D:4:      serial_shops, shop_fountains, nicolae_shop_trees,
          nicolae_shop_crystal, shop, first_bread

Action                   |  1- 3 |  4- 6 || total
-------------------------+-------+-------++-------
Melee: War axe           |   139 |   116 ||   255
  Use: Scroll            |     1 |       ||     1
  Eat: Chunk             |     3 |     4 ||     7
